Map: Ultralove

Players

Boop - Winner!

  • Race: Protoss Protoss
  • League: Platinum
  • Spawn Location: 7:00

VOD

Have the link to the VOD?

Description

Practice TvP Build

Time

  • Played on: April 18, 2025, 12:23 a.m.
  • Length: 10:06
Show
View Real Time Build Order
Export as new Build Order

Boop Protoss - Winner!

Build Orders:  

Get SALT Encoding   

  12  0:03  Probe (Chrono Boost)  
  14  0:20  Probe (Chrono Boost)  
  14  0:24  Pylon  
  14  0:37  Probe (Chrono Boost)  
  15  0:50  Gateway  
  15  0:54  Probe (Chrono Boost)  
  16  1:02  Assimilator  
  17  1:11  Probe (Chrono Boost)  
  17  1:34  Probe (Chrono Boost)  
  19  1:51  Probe (Chrono Boost)  
  19  1:57  Cybernetics Core  
  19  2:08  Nexus  
  19  2:16  Probe (Chrono Boost)  
  20  2:25  Pylon  
  20  2:33  Probe (Chrono Boost)  
  20  2:37  Stalker  
  20  2:39  Assimilator  
  22  2:50  Probe (Chrono Boost)  
  24  3:07  Probe (Chrono Boost)  
  25  3:28  Stalker  
  25  3:39  Probe (Chrono Boost)  
  28  3:46  Probe (Chrono Boost)  
  29  3:56  Probe (Chrono Boost)  
  29  3:57  Probe (Chrono Boost)  
  31  4:11  Probe (Chrono Boost)  
  31  4:13  Probe (Chrono Boost)  
  31  4:14  Twilight Council  
  33  4:24  Gateway  
  33  4:28  Probe (Chrono Boost)  
  35  4:30  Probe (Chrono Boost)  
  35  4:40  Warp Gate  
  35  4:45  Probe (Chrono Boost)  
  35  4:47  Probe (Chrono Boost)  
  37  4:53  Assimilator  
  37  4:56  Assimilator  
  38  5:02  Probe (Chrono Boost)  
  38  5:04  Probe (Chrono Boost)  
  38  5:07  Pylon  
  39  5:10  Sentry  
  39  5:11  Gateway  
  39  5:19  Probe (Chrono Boost)  
  43  5:20  Probe (Chrono Boost)  
  43  5:38  Probe (Chrono Boost)  
  43  5:39  Pylon  
  44  5:43  Stalker  
  44  5:49  Probe (Chrono Boost)  
  47  5:55  Probe (Chrono Boost)  
  47  5:58  Nexus  
  48  6:06  Probe (Chrono Boost)  
  49  6:15  Pylon  
  50  6:20  Probe (Chrono Boost)  
  50  6:23  Probe (Chrono Boost)  
  51  6:32  Robotics Facility  
  51  6:36  Forge  
  51  6:37  Probe (Chrono Boost)  
  53  6:40  Probe (Chrono Boost)  
  53  6:41  Stalker  
  53  6:44  Blink  
  53  6:45  Stalker  
  57  6:53  Stalker  
  57  6:54  Probe (Chrono Boost)  
  60  7:02  Pylon  
  61  7:12  Probe (Chrono Boost)  
  59  7:25  Protoss Ground Weapons Level 1  
  59  7:33  Probe x2 (Chrono Boost)  
  61  7:45  Shield Battery  
  61  7:48  Robotics Bay  
  63  7:50  Probe x2 (Chrono Boost)  
  63  7:54  Probe (Chrono Boost), Pylon  
  64  8:03  Stalker x3  
  64  8:07  Probe x2 (Chrono Boost)  
  73  8:11  Probe (Chrono Boost)  
  73  8:15  Warp Prism  
  75  8:24  Probe x2 (Chrono Boost)  
  77  8:32  Pylon  
  77  8:35  Gateway  
  77  8:38  Gateway  
  77  9:13  Probe (Chrono Boost)  
  77  9:14  Probe x2 (Chrono Boost)  
  77  9:17  Assimilator  
  80  9:23  Shield Battery  
  80  9:25  Photon Cannon  
  80  9:28  Photon Cannon  
  80  9:29  Assimilator  
  83  9:30  Probe x2 (Chrono Boost)  
  83  9:31  Probe (Chrono Boost)  
  89  9:47  Probe x2 (Chrono Boost)  
  89  9:48  Probe (Chrono Boost)  
  92  9:56  Stalker x4  
  92  9:57  Stalker  
Tags
 
League
Platinum
Matchup
Co-op
Add a new tag
Caveats
  • Supply blocks, unpowered buildings, or Contaminate may cause inaccurate times.
  • Supply counts are checked every 10 seconds.